 Dungeon Sprint DCSS version 0.19.1 (webtiles) character file.

415 dvd the Fighter (level 6, -6/45 HPs)
             Began as a Gargoyle Fighter on Dec 22, 2016.
             Was an Initiate of Okawaru.
             Mangled by a slime creature (7 damage)
             ... in the Dungeon (Sprint I: "Red Sonja").
             The game lasted 00:01:21 (531 turns).

dvd the Fighter (Gargoyle Fighter)                   Turns: 531, Time: 00:01:21

Health: -6/45      AC: 12    Str: 19    XL:     6   Next: 92%
Magic:  6/6        EV:  8    Int:  9    God:    Okawaru [......]
Gold:   314        SH: 11    Dex: 11    Spells: 0 memorised, 5 levels left

rFire  . . .     SeeInvis .     a - +0 war axe
rCold  . . .     Gourm    .     b - +0 scale mail
rNeg   + . .     Faith    .     c - +0 shield
rPois  ∞         Spirit   .     (no helmet)
rElec  +         Reflect  .     (no cloak)
rCorr  .         Harm     .     (no gloves)
MR     .....     NoTele   +     (no boots)
Stlth  ..........               (no amulet)
                                (no ring)
                                (no ring)

@: no status effects
A: negative energy resistance 1, electricity resistance, unbreathing,
petrification resistance, rot immunity, AC +4
a: Renounce Religion


You were in the Dungeon.
You worshipped Okawaru.
Okawaru was noncommittal.
You were not hungry.

You visited 1 branch You collected 314 gold pieces.

Inventory:

Hand Weapons
 a - a +0 war axe (weapon)
Armour
 b - a +0 scale mail (worn)
 c - a +0 shield (worn)
Scrolls
 k - a scroll of blinking
Potions
 d - a potion of might
 e - a potion of curing
 h - a potion of haste
 i - 2 potions of magic
Comestibles
 f - a bread ration
 j - 4 chunks of flesh


   Skills:
 + Level 8.7 Fighting
 + Level 7.0 Axes
 + Level 8.4 Armour
 + Level 0.2 Dodging
 + Level 0.2 Stealth
 + Level 8.1 Shields


You had 5 spell levels left.
You didn't know any spells.

Dungeon Overview and Level Annotations

Branches:
Dungeon (1/1)

Altars:
Cheibriados
Dithmenos
Elyvilon
Fedhas
Gozag
Hepliaklqana
Kikubaaqudgha
Makhleb
Nemelex Xobeh
Okawaru
Qazlal
Ru
Sif Muna
Trog
Uskayaw
Vehumet
Xom
Yredelemnul
Zin
The Shining One
Jiyva
Lugonu

Shops:
D ?


Innate Abilities, Weirdness & Mutations

You are resistant to torment.
Your stone body is resilient. (AC +4)
You are immune to poison.
You resist negative energy. (rN+)
You are resistant to electric shocks. (rElec)
You can survive without breathing.
You are immune to petrification.
You are immune to rotting.


Message History

The slime creature jiggles.
The slime creature hits you but does no damage.
You slash the slime creature!
The slime creature is severely wounded.
The slime creature hits you!
* * * LOW HITPOINT WARNING * * *
You hit the slime creature.
The slime creature is severely wounded.
The slime creature hits you but does no damage.
You slash the slime creature!
The slime creature is severely wounded.
You block the slime creature's attack. The slime creature hits you!
* * * LOW HITPOINT WARNING * * *
You hit the slime creature.
The slime creature is severely wounded.
You block the slime creature's attack.
You slash the slime creature!
The slime creature is almost dead.
The slime creature hits you!
You die...

################ ##
#<.#..)..#.)'..#__#
#..').#..'..#.@J..+
#..#####'#####'#__#
#..####..#...#.# ##
#..#__####..##(#
#..#_____##'#..+
#⌠⌠#_.∩...'..._#
####_..__##_.#'#
#_____###+#.#
####### ###


You could see a slime creature.

Vanquished Creatures
  Sigmund (D)
  A yak (D)
  An ogre (D)
  A jelly (D)
  Ijyb (D)
5 creatures vanquished.

Notes
Turn   | Place    | Note
-------+----------+-------------------------------------------
     0 | D        | dvd the Gargoyle Fighter began the quest for the Orb.
     0 | D        | Reached XP level 1. HP: 14/14 MP: 1/1
     1 | D        | Noticed Ijyb
     7 | D        | Killed Ijyb
     7 | D        | Reached XP level 2. HP: 20/20 MP: 2/2
     7 | D        | Reached XP level 3. HP: 24/24 MP: 3/3
    12 | D        | Noticed an ogre
    18 | D        | Killed an ogre
    18 | D        | Reached skill level 5 in Armour
    18 | D        | Reached XP level 4. HP: 32/32 MP: 4/4
    74 | D        | Noticed Sigmund
    82 | D        | Killed Sigmund
    82 | D        | Reached skill level 5 in Axes
    82 | D        | Reached XP level 5. HP: 16/39 MP: 5/5
    82 | D        | Reached XP level 6. HP: 18/44 MP: 6/6
   276 | D        | Found a deep blue altar of Sif Muna.
   278 | D        | Found a radiant altar of Vehumet.
   354 | D        | Found Uvisyate's Magic Scroll Emporium.
   354 | D        | Found an ancient bone altar of Kikubaaqudgha.
   354 | D        | Found a hazy altar of Hepliaklqana.
   354 | D        | Found a stormy altar of Qazlal.
   354 | D        | Found a hide-covered altar of Uskayaw.
   354 | D        | Found a blossoming altar of Fedhas.
   354 | D        | Found a bloodstained altar of Trog.
   354 | D        | Found an iron altar of Okawaru.
   354 | D        | Found a basalt altar of Yredelemnul.
   354 | D        | Found a glowing golden altar of the Shining One.
   354 | D        | Found a snail-covered altar of Cheibriados.
   354 | D        | Found a sacrificial altar of Ru.
   354 | D        | Found a glowing silver altar of Zin.
   354 | D        | Found a shadowy altar of Dithmenos.
   354 | D        | Found a white marble altar of Elyvilon.
   354 | D        | Noticed a yak
   368 | D        | Killed a yak
   369 | D        | Found an opulent altar of Gozag.
   372 | D        | Found a sparkling altar of Nemelex Xobeh.
   378 | D        | Became a worshipper of Warmaster Okawaru
   509 | D        | Found a burning altar of Makhleb.
   509 | D        | Found a viscous altar of Jiyva.
   509 | D        | Found a shimmering altar of Xom.
   509 | D        | Found a corrupted altar of Lugonu.
   509 | D        | Noticed a slime creature
   529 | D        | HP: 1/45 [slime creature (11)]
   531 | D        | Mangled by a slime creature

Skill      XL: |  1  2  3  4  5  6 |
---------------+-------------------+-----
Fighting       | 4 6 7 8 |  8.7
Axes           | 2 3 5 7 |  7.0
Armour         | 4 5 7 8 |  8.4
Shields        | 4 6 7 8 |  8.1
Dodging        | |  0.2
Stealth        | |  0.2

Action                   |  1- 3 |  4- 6 || total
-------------------------+-------+-------++-------
Melee: War axe           |    10 |    46 ||    56
  Use: Potion            |     1 |     1 ||     2
Armor: Scale mail        |     3 |    11 ||    14
Dodge: Dodged            |     2 |    10 ||    12
Block: Shield            |     4 |    15 ||    19
